SA
SYRACUSE STORM @ MANCELONA TORCH
09/04/2026
 
TOP OF THE 1ST
Syracuse Storm batting - Pitching for Mancelona Torch : RHP Júlio Vázquez
Pitching: RHP Júlio Vázquez
Batting: RHB Tom Boyer 0-0: Foul Ball, location: 2F
0-1: Called Strike
0-2: Strikes out swinging
Batting: RHB José Costello 0-0: Ball
1-0: Ball
2-0: Foul Ball, location: 2F
2-1: Called Strike
2-2: Ground out 4-3 (Groundball, 4M)
Batting: RHB Vito Middendorf 0-0: Ball
1-0: Ball
2-0: Fly out, F7 (Flyball, 7S)
Top of the 1st over - 0 run(s), 0 hit(s), 0 error(s), 0 left on base; Syracuse 0 - Mancelona 0
BOTTOM OF THE 1ST
Mancelona Torch batting - Pitching for Syracuse Storm : LHP António Muńóz
Pitching: LHP António Muńóz
Batting: LHB José Hernández 0-0: Ball
1-0: Ball
2-0: Called Strike
2-1: Ball
3-1: SINGLE (Groundball, 56D)
Batting: RHB Blake Snow 0-0: Swinging Strike
0-1: Ball
1-1: Swinging Strike
1-2: Foul Ball, location: 2F
1-2: Foul Ball, location: 2F
1-2: Fly out, F4 (Line Drive, 4)
Batting: RHB Todd Sentell 0-0: Called Strike
0-1: Ball
1-1: Ball
2-1: Foul Ball, location: 2F
2-2: SINGLE (Groundball, 34D)
José Hernández to second
Runner from 2nd tries for 3rd, SAFE, no throw
Batting: LHB José Valéncia 0-0: Called Strike
0-1: Foul Ball, location: 2F
0-2: SINGLE (Flyball, 8LS)
José Hernández scores
Todd Sentell to second
Batting: RHB Juan Hernández 0-0: Foul Ball, location: 2F
0-1: Ball
1-1: Grounds into double play, 5-4-3 (Groundball, 56)
Bottom of the 1st over - 1 run(s), 3 hit(s), 0 error(s), 1 left on base; Syracuse 0 - Mancelona 1
TOP OF THE 2ND
Syracuse Storm batting - Pitching for Mancelona Torch : RHP Júlio Vázquez
Batting: LHB Phil MacNamara 0-0: Called Strike
0-1: Ball
1-1: Ball
2-1: Foul Ball, location: 2F
2-2: Strikes out swinging
Batting: RHB António Canales 0-0: Ball
1-0: Ball
2-0: Ball
3-0: Called Strike
3-1: Fly out, F5 (Popup, 56S)
Batting: RHB Phil Sherman 0-0: Foul Ball, location: 2F
0-1: Called Strike
0-2: Ball
1-2: Foul Ball, location: 2F
1-2: Strikes out swinging
Top of the 2nd over - 0 run(s), 0 hit(s), 0 error(s), 0 left on base; Syracuse 0 - Mancelona 1
BOTTOM OF THE 2ND
Mancelona Torch batting - Pitching for Syracuse Storm : LHP António Muńóz
Batting: LHB Jorge Morín 0-0: Foul Ball, location: 2F
0-1: Ball
1-1: Foul Ball, location: 2F
1-2: Ball
2-2: Ball
3-2: Strikes out swinging
Batting: RHB Armando Pacheco 0-0: Swinging Strike
0-1: Swinging Strike
0-2: Ball
1-2: Strikes out swinging
Batting: RHB Bob Mager 0-0: Foul Ball, location: 2F
0-1: SINGLE (Groundball, 56) (infield hit)
Batting: LHB Yataro Matsuura 0-0: Fly out, F7 (Flyball, 7)
Bottom of the 2nd over - 0 run(s), 1 hit(s), 0 error(s), 1 left on base; Syracuse 0 - Mancelona 1
TOP OF THE 3RD
Syracuse Storm batting - Pitching for Mancelona Torch : RHP Júlio Vázquez
Batting: RHB Jerry Bowen 0-0: Swinging Strike
0-1: Foul Ball, location: 2F
0-2: Strikes out looking
Batting: LHB José Trejo 0-0: Ball
1-0: Ground out U3 (Groundball, 34)
Batting: RHB Tyrell Wellick 0-0: Ball
1-0: Fly out, F8 (Flyball, 8RS)
Top of the 3rd over - 0 run(s), 0 hit(s), 0 error(s), 0 left on base; Syracuse 0 - Mancelona 1
BOTTOM OF THE 3RD
Mancelona Torch batting - Pitching for Syracuse Storm : LHP António Muńóz
Batting: LHB José Hernández 0-0: Foul Ball, location: 2F
0-1: Ground out 5-3 (Groundball, 56)
Batting: RHB Blake Snow 0-0: Swinging Strike
0-1: Fly out, F7 (Flyball, 7S)
Batting: RHB Todd Sentell 0-0: Swinging Strike
0-1: Ball
1-1: Ball
2-1: Swinging Strike
2-2: Strikes out swinging
Bottom of the 3rd over - 0 run(s), 0 hit(s), 0 error(s), 0 left on base; Syracuse 0 - Mancelona 1
TOP OF THE 4TH
Syracuse Storm batting - Pitching for Mancelona Torch : RHP Júlio Vázquez
Batting: RHB Tom Boyer 0-0: Swinging Strike
0-1: Ball
1-1: Fly out, F5 (Line Drive, 56D)
Batting: RHB José Costello 0-0: Ball
1-0: Ball
2-0: Ball
3-0: Called Strike
3-1: Ground out 6-3 (Groundball, 6)
Batting: RHB Vito Middendorf 0-0: Called Strike
0-1: Ball
1-1: Foul Ball, location: 2F
1-2: Strikes out looking
Top of the 4th over - 0 run(s), 0 hit(s), 0 error(s), 0 left on base; Syracuse 0 - Mancelona 1
BOTTOM OF THE 4TH
Mancelona Torch batting - Pitching for Syracuse Storm : LHP António Muńóz
Batting: LHB José Valéncia 0-0: Ball
1-0: SINGLE (Groundball, 34S) (infield hit)
Batting: RHB Juan Hernández 0-0: Ball
1-0: Ball
2-0: Fly out, F6 (Line Drive, 6D)
Batting: LHB Jorge Morín 0-0: Ball
1-0: Called Strike
1-1: Grounds into double play, 5-4-3 (Groundball, 56)
Bottom of the 4th over - 0 run(s), 1 hit(s), 0 error(s), 0 left on base; Syracuse 0 - Mancelona 1
TOP OF THE 5TH
Syracuse Storm batting - Pitching for Mancelona Torch : RHP Júlio Vázquez
Batting: LHB Phil MacNamara 0-0: Ball
1-0: Foul Ball, location: 2F
1-1: Foul Ball, location: 2F
1-2: Strikes out looking
Batting: RHB António Canales 0-0: Fly out, F9 (Flyball, 9S)
Batting: RHB Phil Sherman 0-0: Ball
1-0: Foul Ball, location: 2F
1-1: Swinging Strike
1-2: Strikes out looking
Top of the 5th over - 0 run(s), 0 hit(s), 0 error(s), 0 left on base; Syracuse 0 - Mancelona 1
BOTTOM OF THE 5TH
Mancelona Torch batting - Pitching for Syracuse Storm : LHP António Muńóz
Batting: RHB Armando Pacheco 0-0: Bunt missed!
0-1: Ground out 4-3 (Groundball, 4)
Batting: RHB Bob Mager 0-0: Swinging Strike
0-1: Fly out, F4 (Popup, 3D)
Batting: LHB Yataro Matsuura 0-0: Ball
1-0: Ground out 4-3 (Groundball, 4S)
Bottom of the 5th over - 0 run(s), 0 hit(s), 0 error(s), 0 left on base; Syracuse 0 - Mancelona 1
TOP OF THE 6TH
Syracuse Storm batting - Pitching for Mancelona Torch : RHP Júlio Vázquez
Batting: RHB Jerry Bowen 0-0: Foul Ball, location: 2F
0-1: Foul Ball, location: 2F
0-2: Ball
1-2: Strikes out looking
Batting: LHB José Trejo 0-0: Swinging Strike
0-1: Swinging Strike
0-2: Ball
1-2: Ball
2-2: Fly out, F7 (Flyball, 7LM)
Batting: RHB Tyrell Wellick 0-0: Called Strike
0-1: Foul Ball, location: 2F
0-2: Strikes out looking
Top of the 6th over - 0 run(s), 0 hit(s), 0 error(s), 0 left on base; Syracuse 0 - Mancelona 1
BOTTOM OF THE 6TH
Mancelona Torch batting - Pitching for Syracuse Storm : LHP António Muńóz
Batting: LHB José Hernández 0-0: Swinging Strike
0-1: Ball
1-1: Ball
2-1: Foul Ball, location: 2F
2-2: Strikes out looking
Batting: RHB Blake Snow 0-0: Foul Ball, location: 2F
0-1: Ground out 6-3 (Groundball, 6)
Batting: RHB Todd Sentell 0-0: Called Strike
0-1: Foul Ball, location: 2F
0-2: Foul Ball, location: 2F
0-2: Ball
1-2: Strikes out looking
Bottom of the 6th over - 0 run(s), 0 hit(s), 0 error(s), 0 left on base; Syracuse 0 - Mancelona 1
TOP OF THE 7TH
Syracuse Storm batting - Pitching for Mancelona Torch : RHP Júlio Vázquez
Batting: RHB Tom Boyer 0-0: Called Strike
0-1: Ball
1-1: Ball
2-1: Ground out 5-3 (Groundball, 5L)
Batting: RHB José Costello 0-0: Fly out, F8 (Flyball, 8RM)
Batting: RHB Vito Middendorf 0-0: Foul Ball, location: 2F
0-1: Fly out, F4 (Popup, 4D)
Top of the 7th over - 0 run(s), 0 hit(s), 0 error(s), 0 left on base; Syracuse 0 - Mancelona 1
BOTTOM OF THE 7TH
Mancelona Torch batting - Pitching for Syracuse Storm : LHP António Muńóz
Batting: LHB José Valéncia 0-0: Ball
1-0: Foul Ball, location: 2F
1-1: Called Strike
1-2: SINGLE (Line Drive, 34D)
Batting: RHB Juan Hernández 0-0: Foul Ball, location: 2F
0-1: Ball
1-1: Fly out, F7 (Flyball, 7S)
Batting: LHB Jorge Morín 0-0: Ball
1-0: Fly out, F7 (Flyball, 7)
Batting: RHB Armando Pacheco 0-0: Foul Ball, location: 2F
0-1: DOUBLE (Line Drive, 9LS)
José Valéncia to third
José Valéncia scores
Batting: RHB Bob Mager 0-0: Ball
1-0: Ball
2-0: Swinging Strike
2-1: Foul Ball, location: 2F
2-2: Strikes out swinging
Bottom of the 7th over - 1 run(s), 2 hit(s), 0 error(s), 1 left on base; Syracuse 0 - Mancelona 2
TOP OF THE 8TH
Syracuse Storm batting - Pitching for Mancelona Torch : RHP Júlio Vázquez
Batting: LHB Phil MacNamara 0-0: Called Strike
0-1: Ball
1-1: Foul Ball, location: 2F
1-2: Foul Ball, location: 2F
1-2: Ground out U3 (Groundball, 34)
Batting: RHB António Canales 0-0: Ball
1-0: DOUBLE (Line Drive, 89D)
Batting: RHB Phil Sherman 0-0: Ball
1-0: Ball
2-0: Ball
3-0: Called Strike
3-1: Base on Balls
Pinch Hitting: RHB Jim Unknown 0-0: Foul Ball, location: 2F
0-1: Ball
1-1: Ball
2-1: Ball
3-1: Fielders Choice at 2nd, 6-4 (Groundball, 6)
António Canales to third
Pinch Hitting: LHB King Randell 0-0: Called Strike
0-1: Ball
1-1: Foul Ball, location: 2F
1-2: Strikes out swinging
Top of the 8th over - 0 run(s), 1 hit(s), 0 error(s), 2 left on base; Syracuse 0 - Mancelona 2
BOTTOM OF THE 8TH
Mancelona Torch batting - Pitching for Syracuse Storm : LHP António Muńóz
Now at 1B: King Randell
Now in RF: Jim Unknown
Batting: LHB Yataro Matsuura 0-0: Ball
1-0: Foul Ball, location: 2F
1-1: Ball
2-1: Foul Ball, location: 2F
2-2: Ball
3-2: Foul Ball, location: 2F
3-2: SINGLE (Groundball, 56D)
Batting: LHB José Hernández 0-0: Bunted foul
0-1: Ball
1-1: Bunted foul
1-2: SINGLE (Flyball, 7LS)
Yataro Matsuura to second
Batting: RHB Blake Snow 0-0: Sac Bunt - play at first, batter OUT! 1-3
Yataro Matsuura to third
José Hernández to second
Batting: RHB Todd Sentell 0-0: Intentional Walk
Batting: LHB José Valéncia 0-0: Ball
1-0: Ball
2-0: Called Strike
2-1: DOUBLE (Flyball, 8RXD)
Yataro Matsuura scores
José Hernández scores
Todd Sentell to third
Batting: RHB Juan Hernández 0-0: SINGLE (Groundball, 23) (infield hit)
Todd Sentell scores
José Valéncia to third
Pitching: RHP Collin Ferrer
Batting: LHB Jorge Morín 0-0: Ball
1-0: Ball
2-0: Foul Ball, location: 2F
2-1: Called Strike
2-2: SINGLE (Groundball, 4M) (infield hit)
José Valéncia scores
Juan Hernández to second
Batting: RHB Armando Pacheco 0-0: Ball
1-0: Foul Ball, location: 2F
1-1: Ball
2-1: Fly out, F9 (Flyball, 89M)
Batting: RHB Bob Mager 0-0: Called Strike
0-1: Foul Ball, location: 2F
0-2: Foul Ball, location: 2F
0-2: Ball
1-2: Foul Ball, location: 2F
1-2: Foul Ball, location: 2F
1-2: Ball
2-2: DOUBLE (Line Drive, 8RXD)
Juan Hernández scores
Jorge Morín to third
Runner from 3rd tries for Home, SAFE, throw made home
Batting: LHB Yataro Matsuura 0-0: Ball
1-0: Swinging Strike
1-1: Called Strike
1-2: Ground out 4-3 (Groundball, 4)
Bottom of the 8th over - 6 run(s), 6 hit(s), 0 error(s), 1 left on base; Syracuse 0 - Mancelona 8
TOP OF THE 9TH
Syracuse Storm batting - Pitching for Mancelona Torch : RHP Júlio Vázquez
Batting: RHB Tyrell Wellick 0-0: Called Strike
0-1: Ball
1-1: Foul Ball, location: 2F
1-2: SINGLE (Line Drive, 9S)
Batting: RHB Tom Boyer 0-0: Ball
1-0: Ball
2-0: Foul Ball, location: 2F
2-1: Called Strike
2-2: Foul Ball, location: 2F
2-2: Ball
3-2: Strikes out looking
Batting: RHB José Costello 0-0: Ball
Wild Pitch!
Tyrell Wellick to second
1-0: Swinging Strike
1-1: Ball
2-1: Ground out 6-3 (Groundball, 6)
Batting: RHB Vito Middendorf 0-0: Fly out, F5 (Line Drive, 5)
Top of the 9th over - 0 run(s), 1 hit(s), 0 error(s), 1 left on base; Syracuse 0 - Mancelona 8
Monday, March 20th, 2017 - OOTP Baseball 17.12 Build 75